 Dungeon Crawl Stone Soup version 0.26-a0-663-g36e8fdb655 (webtiles) character file.

Game seed: 12402188702721102165

194 somkeydreadnuts the Ducker (level 5, -2/44 HPs)
             Began as a Deep Dwarf Transmuter on Oct 12, 2020.
             Slain by a leopard gecko (3 damage)
             ... on level 4 of the Dungeon.
             The game lasted 00:14:40 (1208 turns).

somkeydreadnuts the Ducker (Deep Dwarf Transmuter)  Turns: 1208, Time: 00:14:40

Health: -2/44      AC:  4    Str: 15    XL:     5   Next: 44%
Magic:  7/7        EV: 13    Int: 13    God:
Gold:   47         SH:  0    Dex: 13    Spells: 5/8 levels left

rFire    . . .     SeeInvis .   j - +0 hand axe
rCold    . . .     Faith    .   (no shield)
rNeg     . . .     Spirit   .   q - +0 leather armour (curse)
rPois    .         Reflect  .   (no helmet)
rElec    .         Harm     .   (no cloak)
rCorr    .         Rampage  .   c - +0 pair of gloves
MR       .....                  (no boots)
Stlth    ..........             (no amulet)
HPRegen  0.00/turn              b - ring of attention (curse)
MPRegen  0.10/turn              (no ring)

@: non-regenerating
A: damage resistance, heal wounds, sense surroundings 1, no regeneration
a: Heal Wounds


You were on level 4 of the Dungeon.
You visited 1 branch of the dungeon, and saw 4 of its levels.

You collected 47 gold pieces.

Inventory:

Hand Weapons
 j - a +0 hand axe (weapon)
Armour
 a - a +0 robe
 c - a +0 pair of gloves (worn)
 d - a +0 leather armour
 o - a +0 scale mail
 q - a cursed +0 leather armour (worn)
Jewellery
 b - a cursed ring of attention (left hand)
Scrolls
 e - a scroll of immolation {unknown}
 g - a scroll of enchant armour {unknown}
 h - 3 scrolls of blinking {unknown}
 i - a scroll of identify {unknown}
 l - a scroll of remove curse {unknown}
Potions
 f - a potion of invisibility
 k - a potion of haste {unknown}
 m - a potion of stabbing {unknown}
 n - a potion of ambrosia {unknown}
 p - a potion of lignification {unknown}
 r - a potion of flight {unknown}
 s - 2 potions of brilliance {unknown}


   Skills:
 + Level 1.4 Fighting
 + Level 2.7 Axes
 + Level 3.0 Armour
 + Level 3.3 Dodging
 + Level 0.3 Stealth
 + Level 3.0 Unarmed Combat
 + Level 2.0 Spellcasting
 + Level 2.1 Transmutations


You had 5 spell levels left.
You knew the following spells:

 Your Spells              Type           Power        Failure   Level
a - Beastly Appendage     Tmut           #.....       13%         1
b - Wereblood             Tmut           #.......     21%         2

Your spell library contained the following spells:

 Spells                   Type           Power        Failure   Level
 Spider Form              Tmut/Pois      #.........   52%         3
 Ice Form                 Ice/Tmut       #.......     90%         4
 Blade Hands              Tmut           #.........   98%         5


Dungeon Overview and Level Annotations

Branches:
Dungeon (4/15)
 Temple: D:4-7

Altars:
Dithmenos
Kikubaaqudgha
Yredelemnul

Portals:
Abyss: D:3

Annotations:
D:3 2 transporters, tygod's ghost, novice GrFi


Innate Abilities, Weirdness & Mutations

You are resistant to damage.
You can heal yourself by infusing magical energy.
You passively map a small area around you.
You do not regenerate.


Message History

The leopard gecko misses you.
You hit the leopard gecko but do no damage.
The leopard gecko closely misses you.
You hit the leopard gecko.
The leopard gecko is moderately wounded.
The leopard gecko completely misses you.
You miss the leopard gecko.
The leopard gecko is moderately wounded.
You are no longer poisoned.
The leopard gecko barely misses you. The leopard gecko bites you.
You closely miss the leopard gecko.
The leopard gecko is moderately wounded.
The leopard gecko closely misses you.
You closely miss the leopard gecko.
The leopard gecko is moderately wounded.
The leopard gecko misses you.
You closely miss the leopard gecko.
The leopard gecko is moderately wounded.
The leopard gecko bites you.
You die...

......##..... , ,
.....##..............# *
....##....#..........#
#*
##..##....##.........#..
#.......# #............
##......# #.§..........
, *
##....####§#§........#
####...>..#§§§#......#
........<#§#.#.#@l...#
......##.§§._.§§.....# ,
......####§#.#§#.....#
......#* ##§§.#...#..#*
....... ##§#....##..#
.#.... * #.....## ..#
#.., # ....# .# , *
*#..## .* , .# *, *


You could see a leopard gecko.

Vanquished Creatures
  A bullfrog skeleton (D:4)
  A worker ant (D:3)
  Robin (D:3)
  4 adders
  A worm (D:3)
  2 dart slugs (D:3)
  2 leopard geckos (D:3)
  6 orcs (D:3)
  11 bats
  A giant cockroach (D:3)
  9 goblins
  9 hobgoblins
  19 jackals
  A quokka (D:3)
  A ball python (D:3)
  4 frilled lizards
  4 kobolds
  A rat (D:1)
78 creatures vanquished.

Vanquished Creatures (others)
  6 withered plants (D:3)
6 creatures vanquished.

Grand Total: 84 creatures vanquished

Notes
Turn   | Place    | Note
-------+----------+-------------------------------------------
     0 | D:1      | somkeydreadnuts the Deep Dwarf Transmuter began the quest
                  | for the Orb.
     0 | D:1      | Reached XP level 1. HP: 16/16 MP: 3/3
   156 | D:1      | Reached XP level 2. HP: 12/24 MP: 4/4
   298 | D:1      | Reached skill level 1 in Fighting
   462 | D:1      | Learned a level 2 spell: Wereblood
   480 | D:2      | Reached XP level 3. HP: 6/31 MP: 5/5
   481 | D:2      | You fall into a shaft and drop 1 floor!
   483 | D:3      | HP: 1/31 [hobgoblin/+0 club (3)]
   513 | D:3      | Reached skill level 1 in Axes
   513 | D:3      | Reached skill level 1 in Armour
   547 | D:3      | Reached XP level 4. HP: 27/38 MP: 5/5
   604 | D:3      | Noticed Robin
   612 | D:3      | Killed Robin
   713 | D:3      | Reached XP level 5. HP: 17/44 MP: 7/7
   776 | D:3      | Found an ancient bone altar of Kikubaaqudgha.
   887 | D:3      | Noticed a small abomination
   888 | D:3      | Noticed a small abomination
   893 | D:3      | Found a one-way gate to the infinite horrors of the Abyss.
   911 | D:3      | Found a transporter.
   913 | D:3      | Noticed tygod's ghost (novice GrFi)
   930 | D:3      | Found a transporter.
   971 | D:3      | Found a basalt altar of Yredelemnul.
  1147 | D:4      | Found a shadowy altar of Dithmenos.
  1202 | D:4      | HP: 1/44 [leopard gecko (2)]
  1208 | D:4      | Slain by a leopard gecko

Illustrated notes

Levels and vault maps discovered:
D:1:      ncdulo_lavacross, layout_rooms, minmay_pentomino_z2
D:2:      layout_loops_ring, nicolae_overflow_hidden_temple, marbit_many_paths,
          nicolae_ru_the_path_less_chosen
D:3:      layout_rooms, kiku_gazebo_garden_becter,
          nicolae_overflow_crystal_walls, gammafunk_ghost_abyssal_escape,
          minivault_27, uniq_robin
D:4:      layout_layer_cave, kennysheep_mini, grunt_dithmenos_smoke_and_mirrors,
          chequers_serial_rivers_room_a, uniq_pikel

Skill      XL: |  1  2  3  4  5 |
---------------+----------------+-----
Transmutations | 2 |  2.1
Unarmed Combat | 3 |  3.0
Fighting       | 1 |  1.4
Axes           | 1 2 |  2.7
Armour         | 1 2 3 |  3.0
Dodging        | 3 |  3.3
Spellcasting   | 2 |  2.0
Stealth        | |  0.3

Action                   |  1- 3 |  4- 6 || total
-------------------------+-------+-------++-------
Melee: Club              |    70 |       ||    70
       Unarmed           |     2 |       ||     2
       Hand axe          |    69 |   170 ||   239
       Punch             |       |     3 ||     3
 Cast: Wereblood         |       |     1 ||     1
 Abil: Heal Wounds       |     2 |       ||     2
Armor: Leather armour    |    70 |    18 ||    88
       Robe              |     2 |       ||     2
       Scale mail        |       |    88 ||    88
Dodge: Dodged            |   121 |   107 ||   228

Table legend: (Time is in decaauts)
 A = Elapsed time spent in this place.
 B = Non-inter-level travel time spent in this place.
 C = Inter-level travel time spent in this place.
 D = Time resting spent in this place.
 E = Time spent auto-exploring this place.
 F = Levels seen in this place.
 G = Mean time per level.
                   A        B        C        D        E       F      G
               +--------+--------+--------+--------+--------+-----+--------+
         Total |   1277 |   1151 |    126 |      0 |    481 |   4 |  319.2 |
       Dungeon |   1277 |   1151 |    126 |      0 |    481 |   4 |  319.2 |
               +--------+--------+--------+--------+--------+-----+--------+

Top non-repeatable levels by time:
     D:3: 706 daAuts
     D:1: 499 daAuts
     D:4: 64 daAuts
     D:2: 7 daAuts
